 Dungeon Crawl Stone Soup version 0.16.1-18-g436b03c (webtiles) character file.

11447 drasked the Cleaver (level 11, -9/68 HPs)
             Began as a Gargoyle Berserker on Apr 28, 2015.
             Was a High Priest of Trog.
             Mangled by drasked's ghost (15 damage)
             ... on level 1 of the Lair of Beasts.
             The game lasted 00:12:24 (11865 turns).

drasked the Cleaver (Gargoyle Berserker)           Turns: 11865, Time: 00:12:24

Health: -9/68      AC: 22    Str: 24    XL:     11   Next: 77%
Magic:  2/2        EV:  9    Int:  8    God:    Trog [*****.]
Gold:   0          SH:  0    Dex: 13    Spells: 0 memorised, 10 levels left

rFire  + . .     SeeInvis .     Y - +2 broad axe
rCold  . . .     Clarity  .     r - +0 chain mail
rNeg   + . .     SustAb   .     (no shield)
rPois  ∞         Gourm    .     m - +2 helmet
rElec  +         Spirit   .     a - +0 cloak
rCorr  .         Warding  .     d - +0 pair of gloves of Inevitability {rF+ MP-9 Dex+4}
rMut   .         Stasis   .     (no boots)
MR     .....                    t - amulet of regeneration
Stlth  ..........               (no ring)
                                (no ring)

@: exhausted, about to teleport, slowed, very slow, not resistant to hostile
enchantments, extremely unstealthy
A: negative energy resistance 1, electricity resistance, unbreathing,
petrification resistance, rot immunity, AC +7
a: Burn Spellbooks, Berserk, Trog's Hand, Brothers in Arms, Renounce Religion


You were on level 1 of the Lair of Beasts.
You worshipped Trog.
Trog was extremely pleased with you.
You were not hungry.

You visited 2 branches of the dungeon, and saw 11 of its levels.


Innate Abilities, Weirdness & Mutations

You are resistant to torment.
You are immune to poison.
Your stone body is very resilient (AC +7).
You resist negative energy.
You are resistant to electric shocks.
You can survive without breathing.
You are immune to petrification.
You are immune to rotting.


   Skills:
 - Level 7.7 Fighting
 + Level 14.8 Axes
 - Level 5.0 Armour
 - Level 1.5 Dodging


You had 10 spell levels left.
You didn't know any spells.

Inventory:

Hand weapons
 Y - a +2 broad axe (weapon)
Missiles
 b - 8 tomahawks (quivered)
 n - 6 javelins
Armour
 a - a +0 cloak (worn)
 d - the +0 pair of gloves of Inevitability (worn) {rF+ MP-9 Dex+4}
   (You found it on level 4 of the Dungeon)

   It affects your dexterity (+4).
   It protects you from fire.
   It affects your magic capacity (-9).
 m - a +2 helmet (worn)
 p - a +0 plate armour
 r - a +0 chain mail (worn)
Jewellery
 t - an amulet of regeneration (around neck)
Magical devices
 f - a wand of teleportation (3)
Scrolls
 k - a scroll of teleportation
 l - a scroll of recharging
Potions
 c - a potion of haste
 g - a potion of heal wounds
 h - 2 potions of restore abilities
 j - a potion of resistance
 s - a potion of ambrosia {unknown}
 u - a potion of invisibility {unknown}
Comestibles
 e - 4 bread rations
 q - 10 meat rations

Dungeon Overview and Level Annotations

Branches:
Dungeon (10/15)            Temple (0/1) D:7            Lair (1/8) D:10
    Orc (0/4) D:9

Altars:
Dithmenos
Fedhas
Gozag
Makhleb
Nemelex Xobeh
Sif Muna
Xom

Shops:
D:9 :

Annotations:
Lair:1 drasked's ghost, powerful GrBe


Message History

The yak closely misses you.
Your ogre rages.
The yak barely misses you.
You hit the yak.
The yak is moderately wounded.
You hit the yak.
The yak is lightly wounded.
You closely miss drasked's ghost.
Your ogre is no longer berserk.
The yak gores you but does no damage. Drasked's ghost hits you!
The yak gores you but does no damage. The yak barely misses you.
Drasked's ghost hits you!!
11865 ||| ZAPPING wand of teleportation (4).
Evoke which item? (* to show all) (? for menu, Esc to quit)
Zapping:
f - a wand of teleportation (4)
Press: ? - help, Shift-Dir - straight line, f - you You feel strangely unstable.
This wand has 3 charges left.
The yak gores you but does no damage. x2
Drasked's ghost hits you!
You die...

.P#
##.##..####....P##
.##
#.###.......#....
## #.#
#######..#### #.#
#### #.## ##.P#
#..## #O## #@#
..(....YWYY#
..........#
...........#
......$...##
.........#
........'
.......## ...


You could see 3 yaks, drasked's ghost and a friendly ogre.

Vanquished Creatures
  A hydra (Lair:1)
  2 unseen horrors (D:10)
  Joseph (D:9)
  A spiny frog (Lair:1)
  The ghost of drasked the Chopper, an experienced GrBe of Trog (D:5)
  A hippogriff (Lair:1)
  11 yaks
  Grum (D:10)
  8 wolves (D:10)
  Menkaure (D:4)
  2 wargs (D:10)
  3 porcupines
  A water moccasin (D:10)
  3 orc warriors (D:10)
  5 sky beasts
  2 ice beasts
  A black bear (D:6)
  3 ogres
  A phantom (D:5)
  3 centaurs
  5 giant frogs
  Sigmund (D:4)
  Duvessa (D:7)
  3 crocodiles
  A wyvern zombie (D:9)
  6 scorpions
  9 killer bees
  6 wights
  3 goliath beetles
  2 quasits
  Dowan (D:7)
  4 crimson imps
  5 orc priests
  A giant frog zombie (D:6)
  2 jellies
  A centaur skeleton (D:5)
  2 giant frog skeletons
  7 hounds
  7 iguanas
  11 worker ants
  12 orc wizards
  Ijyb (D:2)
  A hound skeleton (D:5)
  2 mummies (D:4)
  Robin (D:2)
  14 adders
  A worker ant zombie (D:6)
  A shadow imp (D:9)
  A giant mite (D:6)
  3 worms
  2 adder skeletons
  7 giant geckos
  2 oozes
  48 orcs
  3 ball pythons
  20 bats
  A bat skeleton (D:5)
  5 giant cockroaches
  23 hobgoblins
  18 jackals
  A ball python skeleton (D:4)
  3 giant gecko skeletons
  6 giant newts
  18 goblins
  2 hobgoblin zombies (D:4)
  A jackal zombie (D:7)
  22 kobolds
  2 kobold zombies (D:4)
  2 orc zombies (D:4)
  6 quokkas
  13 rats
  4 ballistomycetes (D:6)
376 creatures vanquished.

Vanquished Creatures (others)
  A two-headed ogre (Lair:1)
  A giant spore (D:6)
2 creatures vanquished.

Grand Total: 378 creatures vanquished

Notes
Turn   | Place    | Note
--------------------------------------------------------------
     0 | D:1      | drasked, the Gargoyle Berserker, began the quest for the Orb.
     0 | D:1      | Reached XP level 1. HP: 14/14 MP: 1/1
     0 | D:1      | 0 ||| counter = 8
    75 | D:1      | Reached skill level 3 in Axes
    84 | D:1      | 84 ||| INVOKING Berserk.
    85 | D:1      | Reached XP level 2. HP: 12/19 MP: 2/2
   490 | D:1      | Acquired Trog's second power
   527 | D:1      | Reached XP level 3. HP: 21/23 MP: 3/3
   877 | D:1      | 877 ||| UPGRADING to ring mail.
   887 | D:1      | 887 ||| DROPPING +0 animal skin.
   888 | D:1      | 888 ||| READING scroll labeled CHEILO DUDUJY.
   893 | D:1      | 893 ||| READING scroll labeled VISUCU TRUXU.
   894 | D:1      | 894 ||| READING scroll labeled PHIKHA FIOZOJY.
   895 | D:1      | 895 ||| READING 2 scrolls labeled SEVAOG THUI.
   896 | D:1      | 896 ||| DRINKING 2 viscous dark potions.
  1039 | D:2      | Reached skill level 4 in Axes
  1117 | D:2      | 1117 ||| INVOKING Berserk.
  1126 | D:2      | 1126 ||| EATING 4 bread rations.
  1182 | D:2      | Reached XP level 4. HP: 28/28 MP: 4/4
  1466 | D:2      | Noticed Robin
  1471 | D:2      | 1471 ||| INVOKING Berserk.
  1477 | D:2      | Killed Robin
  1700 | D:2      | Noticed Ijyb
  1706 | D:2      | 1706 ||| INVOKING Berserk.
  1712 | D:2      | Killed Ijyb
  1771 | D:2      | 1771 ||| EATING beef jerky.
  2137 | D:2      | Reached skill level 5 in Axes
  2141 | D:2      | 2141 ||| UPGRADING to helmet.
  2146 | D:2      | 2146 ||| READING 2 scrolls labeled FEWAJANLAIHU.
  2147 | D:2      | 2147 ||| READING scroll labeled BOEFOTH RIEG.
  2148 | D:2      | 2148 ||| READING scroll labeled GHALUI LAYK.
  2149 | D:2      | 2149 ||| READING scroll labeled DUEBBY SYTT.
  2150 | D:2      | 2150 ||| READING scroll labeled YCZUOR ONUMEAH.
  2151 | D:2      | 2151 ||| READING scroll labeled BRE CIUPNI.
  2152 | D:2      | 2152 ||| DRINKING 2 brown potions.
  2153 | D:2      | 2153 ||| DRINKING 2 black potions.
  2192 | D:3      | 2192 ||| STAIRDANCE
  2240 | D:3      | Found a deep blue altar of Sif Muna.
  2329 | D:3      | Reached XP level 5. HP: 32/32 MP: 5/5
  2758 | D:3      | 2758 ||| STAIRDANCE
  2763 | D:2      | Acquired Trog's third power
  2764 | D:2      | 2764 ||| UPGRADING to scale mail.
  2774 | D:2      | 2774 ||| DROPPING +0 ring mail.
  2775 | D:2      | 2775 ||| READING scroll labeled OLUOLI MOBUI.
  3019 | D:3      | 3019 ||| DRINKING 2 smoky pink potions.
  3065 | D:4      | Noticed Sigmund
  3070 | D:4      | 3070 ||| INVOKING Berserk.
  3074 | D:4      | Killed Sigmund
  3074 | D:4      | Reached skill level 6 in Axes
  3074 | D:4      | Reached XP level 6. HP: 37/37 MP: 6/6
  3139 | D:4      | 3139 ||| INVOKING Burn Spellbooks.
  3279 | D:4      | Got a pair of smoking gloves
  3609 | D:4      | Noticed Menkaure
  3612 | D:4      | 3612 ||| INVOKING Berserk.
  3615 | D:4      | Killed Menkaure
  3615 | D:4      | Reached XP level 7. HP: 29/43 MP: 7/7
  3619 | D:4      | HP: 13/64 [orc/trident (6)]
  3626 | D:4      | Reached skill level 7 in Axes
  3630 | D:4      | 3630 ||| DRINKING potion of curing.
  3630 | D:4      | 3630 ||| (to cure confusion)
  3631 | D:4      | 3631 ||| READING 2 scrolls of teleportation.
  3634 | D:4      | 3634 ||| READING scroll of teleportation.
  3688 | D:4      | 3688 ||| EATING beef jerky.
  4736 | D:4      | 4736 ||| UPGRADING to cursed pair of smoking gloves.
  4741 | D:4      | Identified the cursed +0 pair of gloves of Inevitability {rF+ MP-9 Dex+4} (You found it on level 4 of the Dungeon)
  4741 | D:4      | 4741 ||| READING scroll labeled WID IRAICHEOCOQO.
  4742 | D:4      | 4742 ||| READING 3 scrolls of identify.
  4742 | D:4      | 4742 ||| IDENTIFYING orange potion
  4743 | D:4      | 4743 ||| READING 2 scrolls of identify.
  4743 | D:4      | 4743 ||| IDENTIFYING viscous pink potion
  4763 | D:5      | Entered Level 5 of the Dungeon
  4769 | D:5      | 4769 ||| STAIRDANCE
  4786 | D:5      | 4786 ||| STAIRDANCE
  4797 | D:5      | 4797 ||| STAIRDANCE
  4799 | D:4      | 4799 ||| INVOKING Berserk.
  4878 | D:5      | Noticed drasked's ghost (experienced GrBe)
  4884 | D:5      | 4884 ||| INVOKING Berserk.
  4896 | D:5      | Killed drasked's ghost
  4896 | D:5      | Reached skill level 8 in Axes
  4896 | D:5      | Reached XP level 8. HP: 48/48 MP: 0/8
  5418 | D:5      | Reached skill level 9 in Axes
  5663 | D:5      | Found an opulent altar of Gozag.
  6146 | D:5      | Received a gift from Trog
  6518 | D:5      | 6518 ||| DRINKING 2 silvery potions.
  6519 | D:5      | 6519 ||| READING 3 scrolls of identify.
  6519 | D:5      | 6519 ||| IDENTIFYING shiny ruby ring
  6520 | D:5      | 6520 ||| DROPPING ring of stealth.
  6521 | D:5      | 6521 ||| READING 2 scrolls of identify.
  6521 | D:5      | 6521 ||| IDENTIFYING twisted garnet amulet
  6522 | D:5      | 6522 ||| UPGRADING to amulet of regeneration.
  6586 | D:6      | 6586 ||| INVOKING Berserk.
  6595 | D:6      | Reached skill level 10 in Axes
  6600 | D:6      | 6600 ||| EATING slice of pizza.
  6680 | D:6      | 6680 ||| READING scroll of enchant armour.
  6680 | D:6      | 6680 ||| ENCHANTING cursed +0 helmet.
  6710 | D:6      | Reached XP level 9. HP: 54/54 MP: 0/9
  6752 | D:6      | 6752 ||| INVOKING Berserk.
  6883 | D:6      | Found a shadowy altar of Dithmenos.
  6925 | D:6      | Found a shimmering altar of Xom.
  6942 | D:6      | 6942 ||| READING scroll of remove curse.
  7020 | D:6      | 7020 ||| INVOKING Berserk.
  7070 | D:6      | 7070 ||| EATING 7 meat rations.
  7096 | D:6      | 7096 ||| INVOKING Berserk.
  7525 | D:6      | 7525 ||| UPGRADING to chain mail.
  7535 | D:6      | 7535 ||| DROPPING +0 scale mail.
  7536 | D:6      | 7536 ||| READING scroll labeled GEILUD TANKU.
  7537 | D:6      | 7537 ||| READING scroll of identify.
  7537 | D:6      | 7537 ||| IDENTIFYING wand of teleportation
  7661 | D:7      | Noticed Dowan
  7664 | D:7      | Noticed Duvessa
  7668 | D:7      | Killed Dowan
  7669 | D:7      | 7669 ||| INVOKING Berserk.
  7675 | D:7      | Killed Duvessa
  7748 | D:7      | 7748 ||| READING scroll of enchant armour.
  7748 | D:7      | 7748 ||| ENCHANTING +1 helmet.
  7825 | D:7      | Reached skill level 3 in Armour
  7868 | D:7      | Found a staircase to the Ecumenical Temple.
  7889 | D:7      | 7889 ||| EATING 7 meat rations.
  8177 | D:7      | Found a blossoming altar of Fedhas.
  8245 | D:7      | 8245 ||| INVOKING Berserk.
  8383 | D:7      | 8383 ||| UPGRADING to broad axe.
  8384 | D:7      | 8384 ||| DROPPING +0 hand axe.
  8526 | D:7      | Reached skill level 11 in Axes
  8553 | D:7      | 8553 ||| READING scroll labeled PLEXYTT URYISM.
  8554 | D:7      | 8554 ||| DRINKING 2 fuming yellow potions.
  8660 | D:8      | 8660 ||| INVOKING Berserk.
  8886 | D:8      | Found a sparkling altar of Nemelex Xobeh.
  9317 | D:8      | Received a gift from Trog
  9653 | D:9      | 9653 ||| INVOKING Berserk.
  9693 | D:9      | 9693 ||| EATING beef jerky.
  9765 | D:9      | Reached XP level 10. HP: 60/60 MP: 1/10
  9775 | D:9      | 9775 ||| READING scroll of enchant weapon.
  9775 | D:9      | 9775 ||| ENCHANTING +1 broad axe.
  9793 | D:9      | Found a burning altar of Makhleb.
  9799 | D:9      | Found a staircase to the Orcish Mines.
  9850 | D:9      | Reached skill level 6 in Fighting
  9886 | D:9      | Found Yhuad's Book Boutique.
  9931 | D:9      | Noticed Joseph
  9933 | D:9      | Reached skill level 12 in Axes
  9939 | D:9      | 9939 ||| DRINKING 3 potions of curing.
  9939 | D:9      | 9939 ||| (to cure confusion)
  9943 | D:9      | 9943 ||| DRINKING 2 potions of curing.
  9943 | D:9      | 9943 ||| (to cure confusion)
  9948 | D:9      | 9948 ||| DRINKING potion of curing.
  9948 | D:9      | 9948 ||| (to cure confusion)
  9967 | D:9      | Killed Joseph
 10222 | D:9      | 10222 ||| UPGRADING to cloak.
 10227 | D:9      | 10227 ||| DRINKING 2 yellow potions.
 10228 | D:9      | 10228 ||| READING scroll of identify.
 10228 | D:9      | 10228 ||| IDENTIFYING dented garnet amulet
 10229 | D:9      | 10229 ||| DROPPING amulet of resist corrosion.
 10248 | D:10     | Entered Level 10 of the Dungeon
 10298 | D:10     | 10298 ||| INVOKING Berserk.
 10325 | D:10     | Received a gift from Trog
 10374 | D:10     | Noticed Grum
 10380 | D:10     | 10380 ||| INVOKING Berserk.
 10413 | D:10     | Killed Grum
 10476 | D:10     | Found a staircase to the Lair.
 10478 | D:10     | 10478 ||| INVOKING Berserk.
 10485 | D:10     | Reached skill level 13 in Axes
 10503 | D:10     | 10503 ||| EATING beef jerky.
 10722 | D:10     | 10722 ||| INVOKING Berserk.
 10769 | D:10     | 10769 ||| EATING 5 bread rations.
 10854 | D:10     | 10854 ||| INVOKING Berserk.
 10863 | D:10     | Killed an unseen horror
 10863 | D:10     | Reached XP level 11. HP: 33/66 MP: 2/11
 10900 | D:10     | Killed an unseen horror
 11250 | D:10     | 11250 ||| READING scroll labeled EJAELI NAHIGH.
 11322 | Lair:1   | Entered Level 1 of the Lair of Beasts
 11323 | Lair:1   | 11323 ||| Entered L.
 11323 | Lair:1   | 11323 ||| STAIRDANCE
 11328 | D:10     | Reached skill level 14 in Axes
 11334 | Lair:1   | 11334 ||| STAIRDANCE
 11341 | D:10     | 11341 ||| INVOKING Berserk.
 11407 | D:10     | Received a gift from Trog
 11438 | Lair:1   | 11438 ||| INVOKING Berserk.
 11674 | Lair:1   | Noticed a five-headed hydra
 11675 | Lair:1   | 11675 ||| INVOKING Brothers in Arms.
 11678 | Lair:1   | 11678 ||| INVOKING Berserk.
 11689 | Lair:1   | HP: 18/100 [14-headed hydra (10)]
 11691 | Lair:1   | Killed a 16-headed hydra
 11758 | Lair:1   | 11758 ||| EATING 5 bread rations.
 11768 | Lair:1   | 11768 ||| READING scroll of remove curse.
 11829 | Lair:1   | Noticed drasked's ghost (powerful GrBe)
 11829 | Lair:1   | 11829 ||| INVOKING Brothers in Arms.
 11841 | Lair:1   | 11841 ||| INVOKING Berserk.
 11864 | Lair:1   | HP: 5/68 [drasked's ghost (20)]
 11865 | Lair:1   | 11865 ||| ZAPPING wand of teleportation (4).
 11865 | Lair:1   | Mangled by drasked's ghost

Vault maps used:
D:1:      mrwooster_arrival_statue, supply_closet_lemuel
D:2:      uniq_robin, uniq_iyjb
D:3:      kennysheep_six_static_rooms, overflow_temple_1_default
D:4:      nicolae_ossuary_entry_giza, minmay_mini_ossuary, uniq_sigmund,
          uniq_menkaure
D:5:      grunt_gozag_statues, first_bread
D:6:      nicolae_overflow_crystal_walls, basic_altar
D:7:      fedhas_altar_3, temple_pool_b, uniq_duvessa
D:8:      nemelex_deck
D:9:      david_orc_2, serial_shops, shop, basic_altar, uniq_joseph
D:10:     erik_lair_orcish_takeover, uniq_grum
Lair:1:   serial_bayou_ford_a

Action                   |  1- 3 |  4- 6 |  7- 9 | 10-12 || total
-------------------------+-------+-------+-------+-------++-------
Melee: Hand axe          |   108 |   208 |   553 |       ||   869
       Broad axe         |       |       |   104 |   325 ||   429
Throw: Tomahawk          |    14 |    20 |    64 |    49 ||   147
       Javelin           |       |       |       |    27 ||    27
Invok: Berserk           |     2 |     4 |    10 |     9 ||    25
       Burn Spellbooks   |       |     1 |       |       ||     1
       Brothers in Arms  |       |       |       |     2 ||     2
Evoke: Wand              |       |       |       |     1 ||     1
  Use: Scroll            |     4 |     7 |    13 |     4 ||    28
       Potion            |     1 |     3 |     3 |     4 ||    11
  Eat: Chunk             |     1 |     7 |    18 |    10 ||    36
       Bread ration      |     1 |       |       |     2 ||     3
       Beef jerky        |       |     1 |     2 |     1 ||     4
       Pizza             |       |       |     1 |       ||     1
       Meat ration       |       |       |     2 |       ||     2
